Maple Leafs vs Jets
Created - February 14, 2020 at 20:26
Goals
|
Maple Leafs |
0 |
1 |
1 |
2 |
Jets |
1 |
1 |
4 |
6 |
|
Shots
|
Maple Leafs |
10 |
8 |
8 |
26 |
Jets |
14 |
14 |
12 |
40 |
|
1st period
1. Jets , Brenden Morrow 5 (Sam Gagner 10, Kevin Hayes 5) at 8:21
Penalties :
Ryan Johansen (Win) for Interference (Minor) at 16:30
2nd period
2. Jets , Kevin Hayes 7 (Derek Roy 14, Ronalds Kenins 5) at 2:58
3. Maple Leafs , Fabian Brunnstrom 13 (Kevin Shattenkirk 29, Ben Smith 17) at 18:43 (PP)
Penalties :
Taylor Hall (Tor) for Hooking (Minor) at 0:25, Nino Niederreiter (Win) for Tripping (Minor) at 0:36, Brenden Morrow (Win) for Hooking (Minor) at 18:05
3rd period
4. Jets , Kevin Hayes 8 (Jared Spurgeon 6) at 2:21
5. Jets , Marcus Johansson 24 (Tyler Myers 25, Ryan Johansen 28) at 6:49
6. Jets , Derek Stepan 19 (Oscar Klefbom 7, Evgeny Dadonov 19) at 8:05
7. Jets , Nino Niederreiter 21 (Ryan Johansen 29, Marcus Johansson 24) at 13:44
8. Maple Leafs , Patrick Kane 35 (Taylor Hall 22, Jordan Staal 27) at 14:10
Penalties :
Calvin de Haan (Tor) for Holding (Minor) at 16:33
Goalie Stats
Tyler Weiman (Tor), 34 saves from 40 shots - (0.850), L, 3-3-1, 60:00 minutes
Jonathan Bernier (Win), 24 saves from 26 shots - (0.923), W, 12-11-2, 60:00 minutes
Players Stats for Maple Leafs
Player Name G A P +/- PIM S H SB GA TA FO MP PP MP PK MP
------------------------------------------------------------------------------------
Alex Killorn 0 0 0 0 0 2 0 0 2 0 0/0 7:47 0:00 0:00
Beau Bennett 0 0 0 0 0 2 1 1 0 0 0/1 8:45 0:11 0:00
Ben Smith 0 1 1 -5 0 0 2 2 0 0 0/1 17:50 1:14 1:24
Brayden Schenn 0 0 0 -1 0 2 0 0 2 0 3/11 14:21 1:14 1:24
Braydon Coburn 0 0 0 1 0 1 0 2 0 3 0/0 27:04 0:49 1:15
Calvin de Haan 0 0 0 -3 2 0 0 0 0 0 0/0 12:55 0:38 0:00
Eric Nystrom 0 0 0 -1 0 1 1 0 0 0 0/0 11:25 0:15 0:26
Fabian Brunnstrom 1 0 1 -5 0 1 0 0 0 1 0/0 16:08 1:14 0:00
Iiro Pakarinen 0 0 0 -1 0 2 1 0 0 0 0/0 11:11 0:03 0:00
John Klingberg 0 0 0 -3 0 1 0 1 0 0 0/0 19:26 1:59 0:00
Jordan Staal 0 1 1 1 0 3 0 0 0 0 11/28 22:23 1:20 0:20
Kevin Shattenkirk 0 1 1 1 0 3 2 1 1 1 0/0 27:53 1:59 0:55
Marc-Édouard Vlasic 0 0 0 -3 0 0 1 4 0 1 0/0 13:05 0:00 0:55
Mika Zibanejad 0 0 0 -5 0 1 0 0 1 1 5/15 15:42 0:03 0:26
Nate Thompson 0 0 0 0 0 2 0 0 0 0 1/2 7:47 0:00 0:00
Patrick Kane 1 0 1 1 0 1 0 0 2 0 0/0 22:23 1:20 0:20
Ryan Parent 0 0 0 -3 0 1 1 0 0 1 0/0 18:44 0:11 1:15
Taylor Hall 0 1 1 1 2 3 3 1 1 0 3/3 21:11 1:30 0:00
Players Stats for Jets
Player Name G A P +/- PIM S H SB GA TA FO MP PP MP PK MP
------------------------------------------------------------------------------------
Brenden Morrow 1 0 1 1 2 2 1 0 1 0 0/0 9:08 0:00 0:00
Derek Roy 0 1 1 2 0 2 0 1 0 0 3/8 11:31 0:00 0:07
Derek Stepan 1 0 1 0 0 3 0 0 1 0 20/33 19:04 1:22 0:00
Eric Gelinas 0 0 0 1 0 1 1 0 0 1 0/0 20:27 0:33 1:29
Erik Haula 0 0 0 0 0 3 0 3 0 1 2/2 18:59 0:48 1:25
Evgeny Dadonov 0 1 1 0 0 1 0 1 0 0 0/0 17:55 0:48 0:00
Jacob Trouba 0 0 0 3 0 0 0 0 0 1 0/0 14:25 0:00 1:29
Jared Spurgeon 0 1 1 3 0 0 0 0 0 1 0/0 12:47 0:00 0:00
Jason Akeson 0 0 0 1 0 0 0 0 0 1 0/0 9:09 0:00 0:00
Kevin Hayes 2 1 3 2 0 3 2 0 0 0 0/0 11:19 0:00 0:00
Marco Scandella 0 0 0 1 0 1 0 1 1 2 0/0 27:02 1:37 1:17
Marcus Johansson 1 1 2 2 0 6 0 0 0 1 1/1 19:13 1:22 0:38
Nino Niederreiter 1 0 1 2 2 6 2 0 0 0 1/1 18:36 1:21 1:01
Oscar Klefbom 0 1 1 1 0 2 1 0 1 0 0/0 18:33 0:33 0:02
Ronalds Kenins 0 1 1 2 0 2 0 0 0 0 1/1 12:59 0:00 1:31
Ryan Johansen 0 2 2 2 2 3 0 1 2 0 9/14 17:35 0:48 0:10
Sam Gagner 0 1 1 1 0 3 1 0 0 1 1/1 9:53 0:00 0:44
Tyler Myers 0 1 1 1 0 2 2 2 2 0 0/0 26:46 1:37 1:19
3 Stars
1 - Kevin Hayes (Win)
2 - Marcus Johansson (Win)
3 - Nino Niederreiter (Win)
Power Play
Maple Leafs - 1 on 3 Attempt(s) - 33.33%
Jets - 0 on 2 Attempt(s) - 0.00%
Penalty Kill
Maple Leafs - 2 on 2 Attempt(s) - 100.00%
- Score 0 goal in Penalty Kill
Jets - 2 on 3 Attempt(s) - 66.67%
- Score 0 goal in Penalty Kill
Team Stat
Maple Leafs - Hits : 12 - Faceoff Wins : 23 - Blocked Shots : 12 - Penalty Minutes : 4
Jets - Hits : 10 - Faceoff Wins : 38 - Blocked Shots : 9 - Penalty Minutes : 6
Official
Referees : Unknown
Linesman : Unknown
Game Notes
No Game Note
Finance
Level 1 -- Attendance: 6000 (100.00%) -- Ticket Income $624,000
Level 2 -- Attendance: 3516 (70.32%) -- Ticket Income $263,700
Level 3 -- Attendance: 1618 (80.90%) -- Ticket Income $74,428
Level 4 -- Attendance: 4000 (100.00%) -- Ticket Income $108,000
Luxury Box -- Attendance: 764 (76.40%) -- Ticket Income $145,160
Game was played at the MTS Center.
Total Attendance: 15898 (88.32%)
Total Ticket Income: $1,215,288
Other Income: $182,293
Total Income: $1,397,581
Maple Leafs
5 vs 5 Forward
Center Left Wing Right Wing Time % Phy DF OF
1 Jordan Staal Taylor Hall Patrick Kane 40 1 1 3
2 Mika Zibanejad Fabian Brunnstrom Ben Smith 30 1 2 2
3 Brayden Schenn Eric Nystrom Iiro Pakarinen 20 1 2 2
4 Nate Thompson Alex Killorn Beau Bennett 10 1 3 1
5 vs 5 Defense
Defense Defense Time % Phy DF OF
1 Kevin Shattenkirk Braydon Coburn 40 0 2 3
2 John Klingberg Ryan Parent 30 1 3 1
3 Marc-Édouard Vlasic Calvin de Haan 20 1 2 2
4 Kevin Shattenkirk Braydon Coburn 10 1 1 3
PowerPlay Forward
Center Left Wing Right Wing Time % Phy DF OF
1 Jordan Staal Taylor Hall Patrick Kane 60 0 1 4
2 Brayden Schenn Fabian Brunnstrom Ben Smith 40 0 1 4
PowerPlay Defense
Defense Defense Time % Phy DF OF
1 Kevin Shattenkirk John Klingberg 60 0 1 4
2 Braydon Coburn Calvin de Haan 40 0 1 4
Penalty Kill 4 Players Forward
Center Wing Time % Phy DF OF
1 Brayden Schenn Ben Smith 60 1 3 1
2 Jordan Staal Patrick Kane 40 1 3 1
Penalty Kill 4 Players Defense
Defense Defense Time % Phy DF OF
1 Braydon Coburn Ryan Parent 60 1 3 1
2 Kevin Shattenkirk Marc-Édouard Vlasic 40 1 3 1
Penalty Kill - 3 Players Forward
Forward Time % Phy DF OF
1 Brayden Schenn 60 1 4 0
2 Jordan Staal 40 1 4 0
Penalty Kill - 3 Players Defense
Defense Defense Time % Phy DF OF
1 Braydon Coburn Ryan Parent 60 1 4 0
2 Kevin Shattenkirk Marc-Édouard Vlasic 40 1 4 0
4 vs 4 Forward
Center Wing Time % Phy DF OF
1 Jordan Staal Patrick Kane 60 1 2 2
2 Brayden Schenn Taylor Hall 40 1 2 2
4 vs 4 Defense
Defense Defense Time % Phy DF OF
1 Kevin Shattenkirk John Klingberg 60 1 2 2
2 Braydon Coburn Ryan Parent 40 1 2 2
Last Minutes Offensive
Center Left Wing Right Wing Defense Defense
Jordan Staal Taylor Hall Patrick Kane Kevin Shattenkirk John Klingberg
Last Minutes Defensive
Center Left Wing Right Wing Defense Defense
Jordan Staal Eric Nystrom Patrick Kane Braydon Coburn Ryan Parent
Goaltenders
Starting : Tyler Weiman
Backup : Marc-André Fleury
Extra Forwards
Normal : Jordan Staal, Beau Bennett, Patrick Kane - PP : Brayden Schenn, Ben Smith - PK : Ben Smith
Extra Defensemen
Normal : Calvin de Haan, Braydon Coburn, Kevin Shattenkirk - PP : John Klingberg - PK : Ryan Parent, Kevin Shattenkirk
Penalty Shots
Patrick Kane, Jordan Staal, Taylor Hall, Fabian Brunnstrom, Brayden Schenn
Scratches
Blake Comeau (Healthy)
Jets
5 vs 5 Forward
Center Left Wing Right Wing Time % Phy DF OF
1 Derek Stepan Erik Haula Evgeny Dadonov 36 1 2 2
2 Ryan Johansen Marcus Johansson Nino Niederreiter 32 1 2 2
3 Sam Gagner Brenden Morrow Jason Akeson 17 1 2 2
4 Derek Roy Ronalds Kenins Kevin Hayes 15 1 2 2
5 vs 5 Defense
Defense Defense Time % Phy DF OF
1 Marco Scandella Tyler Myers 40 2 2 1
2 Eric Gelinas Oscar Klefbom 30 1 2 2
3 Jared Spurgeon Jacob Trouba 20 0 2 3
4 Marco Scandella Tyler Myers 10 1 2 2
PowerPlay Forward
Center Left Wing Right Wing Time % Phy DF OF
1 Derek Stepan Marcus Johansson Nino Niederreiter 60 1 0 4
2 Ryan Johansen Erik Haula Evgeny Dadonov 40 0 0 5
PowerPlay Defense
Defense Defense Time % Phy DF OF
1 Marco Scandella Tyler Myers 60 0 1 4
2 Eric Gelinas Oscar Klefbom 40 1 2 2
Penalty Kill 4 Players Forward
Center Wing Time % Phy DF OF
1 Erik Haula Ronalds Kenins 60 1 3 1
2 Ryan Johansen Nino Niederreiter 40 2 3 0
Penalty Kill 4 Players Defense
Defense Defense Time % Phy DF OF
1 Marco Scandella Tyler Myers 60 1 4 0
2 Jacob Trouba Eric Gelinas 40 1 4 0
Penalty Kill - 3 Players Forward
Forward Time % Phy DF OF
1 Erik Haula 60 0 4 1
2 Nino Niederreiter 40 0 4 1
Penalty Kill - 3 Players Defense
Defense Defense Time % Phy DF OF
1 Marco Scandella Tyler Myers 60 0 4 1
2 Eric Gelinas Jacob Trouba 40 0 4 1
4 vs 4 Forward
Center Wing Time % Phy DF OF
1 Derek Stepan Marcus Johansson 60 1 2 2
2 Ryan Johansen Evgeny Dadonov 40 1 2 2
4 vs 4 Defense
Defense Defense Time % Phy DF OF
1 Marco Scandella Eric Gelinas 60 1 2 2
2 Tyler Myers Oscar Klefbom 40 1 2 2
Last Minutes Offensive
Center Left Wing Right Wing Defense Defense
Derek Stepan Marcus Johansson Evgeny Dadonov Oscar Klefbom Marco Scandella
Last Minutes Defensive
Center Left Wing Right Wing Defense Defense
Ryan Johansen Erik Haula Nino Niederreiter Marco Scandella Tyler Myers
Goaltenders
Starting : Jonathan Bernier
Backup : Kari Lehtonen
Extra Forwards
Normal : Nino Niederreiter, Erik Haula, Derek Roy - PP : Derek Stepan, Nino Niederreiter - PK : Nino Niederreiter
Extra Defensemen
Normal : Tyler Myers, Marco Scandella, Eric Gelinas - PP : Tyler Myers - PK : Marco Scandella, Eric Gelinas
Penalty Shots
Evgeny Dadonov, Erik Haula, Ryan Johansen, Sam Gagner, Marcus Johansson
Scratches
None
% Time on Ice - Maple Leafs
Lines # - Real PCT - Wanted PCT - Time Play
Normal Forward
1 - 38% - 40% - 20:19
2 - 28% - 30% - 14:54
3 - 19% - 20% - 10:14
4 - 15% - 10% - 7:47
Normal Defense
1 - 39% - 40% - 20:55
2 - 32% - 30% - 17:01
3 - 23% - 20% - 12:00
4 - 6% - 10% - 3:18
PP Forward
1 - 56% - 60% - 1:34
2 - 44% - 40% - 1:14
PP Defense
1 - 71% - 60% - 1:59
2 - 29% - 40% - 0:49
PK Forward
1 - 85% - 60% - 1:50
2 - 15% - 40% - 0:20
PK Defense
1 - 58% - 60% - 1:15
2 - 42% - 40% - 0:55
PK3 Forward
1 - 0% - 60%
2 - 0% - 40%
PK3 Defense
1 - 0% - 60%
2 - 0% - 40%
44 Forward
1 - 67% - 60% - 1:12
2 - 33% - 40% - 0:36
44 Defense
1 - 69% - 60% - 1:14
2 - 31% - 40% - 0:34
Last Minute Offensive - 0:00
Last Minute Defensive - 0:00
Total
Forward - 60:00
Defense - 60:00
|
% Time on Ice - Jets
Lines # - Real PCT - Wanted PCT - Time Play
Normal Forward
1 - 31% - 36% - 16:43
2 - 30% - 32% - 16:03
3 - 17% - 17% - 9:09
4 - 21% - 15% - 11:19
Normal Defense
1 - 37% - 40% - 19:57
2 - 33% - 30% - 17:22
3 - 24% - 20% - 12:47
4 - 6% - 10% - 3:08
PP Forward
1 - 63% - 60% - 1:22
2 - 37% - 40% - 0:48
PP Defense
1 - 75% - 60% - 1:37
2 - 25% - 40% - 0:33
PK Forward
1 - 81% - 60% - 2:16
2 - 19% - 40% - 0:32
PK Defense
1 - 46% - 60% - 1:17
2 - 54% - 40% - 1:31
PK3 Forward
1 - 0% - 60%
2 - 0% - 40%
PK3 Defense
1 - 0% - 60%
2 - 0% - 40%
44 Forward
1 - 68% - 60% - 1:13
2 - 32% - 40% - 0:35
44 Defense
1 - 58% - 60% - 1:03
2 - 42% - 40% - 0:45
Last Minute Offensive - 0:00
Last Minute Defensive - 0:00
Total
Forward - 60:00
Defense - 60:00
|
Play-by-Play
1st period
0:01 of 1st period - Derek Stepan wins face-off versus Jordan Staal in neutral zone.
1:15 of 1st period - Snap shot by Alex Killorn.
1:15 of 1st period - Stopped by Jonathan Bernier without a rebound.
1:16 of 1st period - Derek Stepan wins face-off versus Nate Thompson in Jets zone.
1:29 of 1st period - Snap shot by Erik Haula.
1:29 of 1st period - Shot Blocked by Marc-Édouard Vlasic.
1:41 of 1st period - Snap shot by Alex Killorn.
1:41 of 1st period - Shot Misses the Net.
1:43 of 1st period - Wrist shot by Kevin Shattenkirk.
1:43 of 1st period - Shot Blocked by Erik Haula.
1:45 of 1st period - Wrist shot by Nate Thompson.
1:45 of 1st period - Stopped by Jonathan Bernier without a rebound.
1:46 of 1st period - Ryan Johansen wins face-off versus Jordan Staal in Jets zone.
1:53 of 1st period - Snap shot by Marcus Johansson.
1:53 of 1st period - Stopped by Tyler Weiman without a rebound.
1:54 of 1st period - Ryan Johansen wins face-off versus Jordan Staal in Maple Leafs zone.
2:44 of 1st period - Snap shot by Nino Niederreiter.
2:44 of 1st period - Stopped by Tyler Weiman with a rebound.
2:46 of 1st period - Wrist shot by Nino Niederreiter.
2:46 of 1st period - Shot Misses the Net.
3:50 of 1st period - Braydon Coburn is hit by Oscar Klefbom and loses puck.
4:19 of 1st period - Snap shot by Nino Niederreiter.
4:19 of 1st period - Stopped by Tyler Weiman with a rebound.
4:21 of 1st period - Snap shot by Marcus Johansson.
4:21 of 1st period - Stopped by Tyler Weiman with a rebound.
4:23 of 1st period - Wrist shot by Marcus Johansson.
4:23 of 1st period - Stopped by Tyler Weiman with a rebound.
4:37 of 1st period - Snap shot by Taylor Hall.
4:37 of 1st period - Stopped by Jonathan Bernier with a rebound.
5:05 of 1st period - Snap shot by Ryan Johansen.
5:05 of 1st period - Stopped by Tyler Weiman with a rebound.
5:07 of 1st period - Slapshot by Oscar Klefbom.
5:07 of 1st period - Stopped by Tyler Weiman with a rebound.
5:09 of 1st period - Slapshot by Eric Gelinas.
5:09 of 1st period - Stopped by Tyler Weiman with a rebound.
5:11 of 1st period - Snap shot by Nino Niederreiter.
5:11 of 1st period - Deflect By Ryan Johansen.
5:11 of 1st period - Shot Misses the Net.
5:11 of 1st period - Puck is out of play.
5:12 of 1st period - Derek Stepan wins face-off versus Mika Zibanejad in Maple Leafs zone.
5:13 of 1st period - Slapshot by Erik Haula.
5:13 of 1st period - Stopped by Tyler Weiman without a rebound.
5:14 of 1st period - Derek Stepan wins face-off versus Mika Zibanejad in Maple Leafs zone.
6:03 of 1st period - Alex Killorn is hit by Kevin Hayes and loses puck.
6:24 of 1st period - Erik Haula is hit by Ben Smith and loses puck.
6:43 of 1st period - Wrist shot by Brayden Schenn.
6:43 of 1st period - Deflect By Iiro Pakarinen.
6:43 of 1st period - Stopped by Jonathan Bernier without a rebound.
6:44 of 1st period - Derek Roy wins face-off versus Brayden Schenn in Jets zone.
6:44 of 1st period - Derek Roy is hit by Ryan Parent.
7:02 of 1st period - Icing by Ryan Parent.
7:03 of 1st period - Derek Stepan wins face-off versus Brayden Schenn in Maple Leafs zone.
7:31 of 1st period - Off-side.
7:32 of 1st period - Sam Gagner wins face-off versus Mika Zibanejad in neutral zone.
7:45 of 1st period - Wrist shot by Mika Zibanejad.
7:45 of 1st period - Stopped by Jonathan Bernier without a rebound.
7:46 of 1st period - Derek Stepan wins face-off versus Mika Zibanejad in Jets zone.
8:19 of 1st period - Wrist shot by Brenden Morrow.
8:19 of 1st period - Shot Misses the Net.
8:21 of 1st period - Snap shot by Brenden Morrow.
8:21 of 1st period - Goal by Brenden Morrow - Maple Leafs : 0 - Jets : 1.
8:22 of 1st period - Derek Stepan wins face-off versus Brayden Schenn in neutral zone.
8:39 of 1st period - Slapshot by Erik Haula.
8:39 of 1st period - Stopped by Tyler Weiman with a rebound.
10:04 of 1st period - Wrist shot by Eric Nystrom.
10:04 of 1st period - Stopped by Jonathan Bernier with a rebound.
10:35 of 1st period - Slapshot by Ronalds Kenins.
10:35 of 1st period - Deflect By Derek Roy.
10:35 of 1st period - Stopped by Tyler Weiman without a rebound.
10:36 of 1st period - Jordan Staal wins face-off versus Derek Stepan in Maple Leafs zone.
10:53 of 1st period - Slapshot by Jordan Staal.
10:53 of 1st period - Deflect By Taylor Hall.
10:53 of 1st period - Shot Misses the Net.
10:53 of 1st period - Puck is out of play.
10:54 of 1st period - Derek Roy wins face-off versus Ben Smith in Jets zone.
11:01 of 1st period - Braydon Coburn is hit by Kevin Hayes and loses puck.
11:10 of 1st period - Slapshot by Marco Scandella.
11:10 of 1st period - Deflect By Derek Roy.
11:10 of 1st period - Shot Misses the Net.
11:10 of 1st period - Puck is out of play.
11:11 of 1st period - Derek Stepan wins face-off versus Brayden Schenn in Maple Leafs zone.
12:07 of 1st period - Slapshot by Ronalds Kenins.
12:07 of 1st period - Shot Misses the Net.
12:09 of 1st period - Snap shot by Jacob Trouba.
12:09 of 1st period - Shot Blocked by John Klingberg.
12:19 of 1st period - Snap shot by John Klingberg.
12:19 of 1st period - Shot Misses the Net.
12:22 of 1st period - Icing by Jacob Trouba.
12:23 of 1st period - Nate Thompson wins face-off versus Ryan Johansen in Jets zone.
12:24 of 1st period - Snap shot by Kevin Shattenkirk.
12:24 of 1st period - Stopped by Jonathan Bernier with a rebound.
12:26 of 1st period - Slapshot by Kevin Shattenkirk.
12:26 of 1st period - Shot Misses the Net.
13:34 of 1st period - Snap shot by Alex Killorn.
13:34 of 1st period - Shot Blocked by Tyler Myers.
13:42 of 1st period - Snap shot by Alex Killorn.
13:42 of 1st period - Stopped by Jonathan Bernier with a rebound.
13:44 of 1st period - Slapshot by Calvin de Haan.
13:44 of 1st period - Shot Blocked by Tyler Myers.
13:54 of 1st period - Brayden Schenn is hit by Nino Niederreiter.
14:11 of 1st period - Off-side.
14:12 of 1st period - Mika Zibanejad wins face-off versus Derek Stepan in neutral zone.
15:13 of 1st period - Slapshot by Sam Gagner.
15:13 of 1st period - Stopped by Tyler Weiman without a rebound.
15:14 of 1st period - Derek Stepan wins face-off versus Jordan Staal in Maple Leafs zone.
15:17 of 1st period - Snap shot by Erik Haula.
15:17 of 1st period - Stopped by Tyler Weiman without a rebound.
15:18 of 1st period - Jordan Staal wins face-off versus Derek Stepan in Maple Leafs zone.
15:23 of 1st period - Slapshot by Kevin Shattenkirk.
15:23 of 1st period - Stopped by Jonathan Bernier without a rebound.
15:24 of 1st period - Taylor Hall wins face-off versus Derek Stepan in Jets zone.
16:15 of 1st period - Snap shot by Jordan Staal.
16:15 of 1st period - Shot Blocked by Evgeny Dadonov.
16:17 of 1st period - Slapshot by Braydon Coburn.
16:17 of 1st period - Stopped by Jonathan Bernier without a rebound.
16:18 of 1st period - Mika Zibanejad wins face-off versus Ryan Johansen in Jets zone.
16:21 of 1st period - Snap shot by Ben Smith.
16:21 of 1st period - Shot Blocked by Ryan Johansen.
16:30 of 1st period - Minor Penalty to Ryan Johansen for Interference.
16:31 of 1st period - Erik Haula wins face-off versus Brayden Schenn in Jets zone.
18:30 of 1st period - Penalty to Ryan Johansen is over, Ryan Johansen is back on ice.
18:44 of 1st period - Brenden Morrow is hit by Iiro Pakarinen and loses puck.
Goals for this period are 0 for Maple Leafs vs 1 for Jets.
Shots for this period are 10 for Maple Leafs vs 14 for Jets.
2nd period
0:01 of 2nd period - Derek Stepan wins face-off versus Mika Zibanejad in neutral zone.
0:25 of 2nd period - Minor Penalty to Taylor Hall for Hooking.
0:26 of 2nd period - Brayden Schenn wins face-off versus Derek Stepan in Maple Leafs zone.
0:26 of 2nd period - Brayden Schenn is hit by Nino Niederreiter.
0:36 of 2nd period - Minor Penalty to Nino Niederreiter for Tripping.
0:37 of 2nd period - Derek Stepan wins face-off versus Jordan Staal in Jets zone.
1:20 of 2nd period - Tyler Myers is hit by Beau Bennett and loses puck.
1:29 of 2nd period - Wrist shot by Brayden Schenn.
1:29 of 2nd period - Stopped by Jonathan Bernier without a rebound.
1:30 of 2nd period - Derek Stepan wins face-off versus Jordan Staal in Jets zone.
2:01 of 2nd period - Slapshot by Eric Gelinas.
2:01 of 2nd period - Shot Misses the Net.
2:07 of 2nd period - Ryan Johansen is hit by Kevin Shattenkirk and loses puck.
2:25 of 2nd period - Penalty to Taylor Hall is over, Taylor Hall is back on ice.
2:26 of 2nd period - Tyler Myers is hit by Taylor Hall.
2:36 of 2nd period - Penalty to Nino Niederreiter is over, Nino Niederreiter is back on ice.
2:42 of 2nd period - Snap shot by Beau Bennett.
2:42 of 2nd period - Stopped by Jonathan Bernier with a rebound.
2:44 of 2nd period - Backhand shot by Ryan Parent.
2:44 of 2nd period - Stopped by Jonathan Bernier without a rebound.
2:45 of 2nd period - Ronalds Kenins wins face-off versus Mika Zibanejad in Jets zone.
2:58 of 2nd period - Snap shot by Kevin Hayes.
2:58 of 2nd period - Goal by Kevin Hayes - Maple Leafs : 0 - Jets : 2.
2:59 of 2nd period - Jordan Staal wins face-off versus Derek Stepan in neutral zone.
3:50 of 2nd period - Slapshot by Brayden Schenn.
3:50 of 2nd period - Stopped by Jonathan Bernier without a rebound.
3:51 of 2nd period - Brayden Schenn wins face-off versus Derek Roy in Jets zone.
4:47 of 2nd period - Slapshot by Kevin Shattenkirk.
4:47 of 2nd period - Shot Misses the Net.
5:01 of 2nd period - Slapshot by Derek Roy.
5:01 of 2nd period - Shot Blocked by Braydon Coburn.
5:05 of 2nd period - Slapshot by Ronalds Kenins.
5:05 of 2nd period - Shot Hit the Post.
5:07 of 2nd period - Slapshot by Marco Scandella.
5:07 of 2nd period - Stopped by Tyler Weiman without a rebound.
5:08 of 2nd period - Derek Roy wins face-off versus Jordan Staal in Maple Leafs zone.
5:09 of 2nd period - Snap shot by Ronalds Kenins.
5:09 of 2nd period - Shot Blocked by Marc-Édouard Vlasic.
5:11 of 2nd period - Snap shot by Tyler Myers.
5:11 of 2nd period - Stopped by Tyler Weiman with a rebound.
5:13 of 2nd period - Wrist shot by Ronalds Kenins.
5:13 of 2nd period - Stopped by Tyler Weiman with a rebound.
5:15 of 2nd period - Slapshot by Ronalds Kenins.
5:15 of 2nd period - Shot Blocked by Taylor Hall.
5:27 of 2nd period - Slapshot by Derek Roy.
5:27 of 2nd period - Shot Misses the Net.
5:29 of 2nd period - Snap shot by Ronalds Kenins.
5:29 of 2nd period - Stopped by Tyler Weiman with a rebound.
5:31 of 2nd period - Slapshot by Ronalds Kenins.
5:31 of 2nd period - Shot Blocked by Marc-Édouard Vlasic.
5:37 of 2nd period - Snap shot by Derek Roy.
5:37 of 2nd period - Shot Blocked by Marc-Édouard Vlasic.
5:43 of 2nd period - Snap shot by Derek Roy.
5:43 of 2nd period - Stopped by Tyler Weiman with a rebound.
6:49 of 2nd period - Wrist shot by Taylor Hall.
6:49 of 2nd period - Shot Blocked by Derek Roy.
7:03 of 2nd period - Slapshot by Jordan Staal.
7:03 of 2nd period - Stopped by Jonathan Bernier without a rebound.
7:04 of 2nd period - Mika Zibanejad wins face-off versus Derek Stepan in Jets zone.
8:35 of 2nd period - Wrist shot by Ryan Johansen.
8:35 of 2nd period - Stopped by Tyler Weiman without a rebound.
8:36 of 2nd period - Ryan Johansen wins face-off versus Brayden Schenn in Maple Leafs zone.
10:14 of 2nd period - Evgeny Dadonov is hit by Ben Smith.
10:52 of 2nd period - Ryan Parent is hit by Tyler Myers and loses puck.
11:05 of 2nd period - Wrist shot by Sam Gagner.
11:05 of 2nd period - Stopped by Tyler Weiman with a rebound.
11:07 of 2nd period - Snap shot by Brenden Morrow.
11:07 of 2nd period - Shot Misses the Net.
11:09 of 2nd period - Slapshot by Jacob Trouba.
11:09 of 2nd period - Shot Misses the Net.
11:18 of 2nd period - Off-side.
11:19 of 2nd period - Jordan Staal wins face-off versus Derek Roy in neutral zone.
11:24 of 2nd period - Snap shot by Patrick Kane.
11:24 of 2nd period - Deflect By Ronalds Kenins.
11:24 of 2nd period - Shot Misses the Net.
11:24 of 2nd period - Puck is out of play.
11:25 of 2nd period - Taylor Hall wins face-off versus Derek Stepan in Jets zone.
11:26 of 2nd period - Wrist shot by Patrick Kane.
11:26 of 2nd period - Shot Misses the Net.
11:28 of 2nd period - Wrist shot by Jordan Staal.
11:28 of 2nd period - Shot Blocked by Erik Haula.
12:35 of 2nd period - Snap shot by Nate Thompson.
12:35 of 2nd period - Stopped by Jonathan Bernier with a rebound.
12:58 of 2nd period - Slapshot by Tyler Myers.
12:58 of 2nd period - Shot Hit the Post.
13:10 of 2nd period - Wrist shot by Derek Stepan.
13:10 of 2nd period - Stopped by Tyler Weiman with a rebound.
14:23 of 2nd period - Slapshot by Marcus Johansson.
14:23 of 2nd period - Stopped by Tyler Weiman without a rebound.
14:24 of 2nd period - Ryan Johansen wins face-off versus Jordan Staal in Maple Leafs zone.
14:29 of 2nd period - Wrist shot by Marcus Johansson.
14:29 of 2nd period - Shot Misses the Net.
14:31 of 2nd period - Slapshot by Jacob Trouba.
14:31 of 2nd period - Shot Misses the Net.
14:33 of 2nd period - Snap shot by Nino Niederreiter.
14:33 of 2nd period - Stopped by Tyler Weiman without a rebound.
14:34 of 2nd period - Taylor Hall wins face-off versus Derek Stepan in Maple Leafs zone.
14:51 of 2nd period - Wrist shot by Taylor Hall.
14:51 of 2nd period - Stopped by Jonathan Bernier without a rebound.
14:52 of 2nd period - Ryan Johansen wins face-off versus Mika Zibanejad in Jets zone.
15:53 of 2nd period - Off-side.
15:54 of 2nd period - Derek Stepan wins face-off versus Jordan Staal in neutral zone.
16:47 of 2nd period - Snap shot by Derek Stepan.
16:47 of 2nd period - Shot Misses the Net.
16:49 of 2nd period - Wrist shot by Derek Stepan.
16:49 of 2nd period - Stopped by Tyler Weiman with a rebound.
16:53 of 2nd period - Snap shot by Erik Haula.
16:53 of 2nd period - Shot Misses the Net.
16:55 of 2nd period - Slapshot by Tyler Myers.
16:55 of 2nd period - Stopped by Tyler Weiman with a rebound.
16:57 of 2nd period - Backhand shot by Marco Scandella.
16:57 of 2nd period - Shot Misses the Net.
16:59 of 2nd period - Backhand shot by Erik Haula.
16:59 of 2nd period - Shot Misses the Net.
17:23 of 2nd period - Wrist shot by Evgeny Dadonov.
17:23 of 2nd period - Stopped by Tyler Weiman with a rebound.
17:25 of 2nd period - Wrist shot by Tyler Myers.
17:25 of 2nd period - Deflect By Evgeny Dadonov.
17:25 of 2nd period - Shot Misses the Net.
17:25 of 2nd period - Puck is out of play.
17:26 of 2nd period - Ryan Johansen wins face-off versus Jordan Staal in Maple Leafs zone.
17:53 of 2nd period - Kevin Shattenkirk is hit by Brenden Morrow and loses puck.
18:05 of 2nd period - Minor Penalty to Brenden Morrow for Hooking.
18:06 of 2nd period - Erik Haula wins face-off versus Jordan Staal in Jets zone.
18:06 of 2nd period - Erik Haula is hit by Kevin Shattenkirk.
18:43 of 2nd period - Slapshot by Kevin Shattenkirk.
18:43 of 2nd period - Deflect By Fabian Brunnstrom.
18:43 of 2nd period - Goal by Fabian Brunnstrom - Maple Leafs : 1 - Jets : 2.
18:44 of 2nd period - Jordan Staal wins face-off versus Ryan Johansen in neutral zone.
18:50 of 2nd period - Off-side.
18:51 of 2nd period - Marcus Johansson wins face-off versus Jordan Staal in neutral zone.
19:18 of 2nd period - Snap shot by Ryan Johansen.
19:18 of 2nd period - Shot Misses the Net.
19:20 of 2nd period - Slapshot by Tyler Myers.
19:20 of 2nd period - Shot Blocked by Braydon Coburn.
19:26 of 2nd period - Wrist shot by Ryan Johansen.
19:26 of 2nd period - Shot Blocked by Kevin Shattenkirk.
19:28 of 2nd period - Slapshot by Tyler Myers.
19:28 of 2nd period - Shot Misses the Net.
Goals for this period are 1 for Maple Leafs vs 1 for Jets.
Shots for this period are 8 for Maple Leafs vs 14 for Jets.
3rd period
0:01 of 3rd period - Derek Stepan wins face-off versus Mika Zibanejad in neutral zone.
0:34 of 3rd period - Tyler Myers is hit by Taylor Hall and loses puck.
0:47 of 3rd period - Sam Gagner is hit by Eric Nystrom and loses puck.
2:21 of 3rd period - Snap shot by Kevin Hayes.
2:21 of 3rd period - Goal by Kevin Hayes - Maple Leafs : 1 - Jets : 3.
2:22 of 3rd period - Derek Stepan wins face-off versus Mika Zibanejad in neutral zone.
3:39 of 3rd period - Off-side.
3:40 of 3rd period - Mika Zibanejad wins face-off versus Derek Stepan in neutral zone.
4:37 of 3rd period - Wrist shot by Ryan Johansen.
4:37 of 3rd period - Shot Misses the Net.
4:51 of 3rd period - Slapshot by John Klingberg.
4:51 of 3rd period - Deflect By Ronalds Kenins.
4:51 of 3rd period - Stopped by Jonathan Bernier without a rebound.
4:52 of 3rd period - Jordan Staal wins face-off versus Derek Roy in Jets zone.
5:51 of 3rd period - Snap shot by Kevin Hayes.
5:51 of 3rd period - Stopped by Tyler Weiman without a rebound.
5:52 of 3rd period - Jordan Staal wins face-off versus Derek Stepan in Maple Leafs zone.
5:52 of 3rd period - Jordan Staal is hit by Tyler Myers.
6:49 of 3rd period - Slapshot by Marcus Johansson.
6:49 of 3rd period - Goal by Marcus Johansson - Maple Leafs : 1 - Jets : 4.
6:50 of 3rd period - Jordan Staal wins face-off versus Ryan Johansen in neutral zone.
6:52 of 3rd period - Off-side.
6:53 of 3rd period - Ryan Johansen wins face-off versus Jordan Staal in neutral zone.
6:58 of 3rd period - Slapshot by Nino Niederreiter.
6:58 of 3rd period - Deflect By Ryan Johansen.
6:58 of 3rd period - Stopped by Tyler Weiman with a rebound.
7:20 of 3rd period - Slapshot by Kevin Shattenkirk.
7:20 of 3rd period - Stopped by Jonathan Bernier with a rebound.
7:23 of 3rd period - Icing by Oscar Klefbom.
7:24 of 3rd period - Mika Zibanejad wins face-off versus Derek Stepan in Jets zone.
8:05 of 3rd period - Slapshot by Derek Stepan.
8:05 of 3rd period - Goal by Derek Stepan - Maple Leafs : 1 - Jets : 5.
8:06 of 3rd period - Ryan Johansen wins face-off versus Jordan Staal in neutral zone.
8:19 of 3rd period - Snap shot by Nino Niederreiter.
8:19 of 3rd period - Shot Misses the Net.
8:21 of 3rd period - Snap shot by Marcus Johansson.
8:21 of 3rd period - Shot Misses the Net.
8:43 of 3rd period - Slapshot by Kevin Shattenkirk.
8:43 of 3rd period - Shot Blocked by Erik Haula.
8:45 of 3rd period - Snap shot by Iiro Pakarinen.
8:45 of 3rd period - Stopped by Jonathan Bernier with a rebound.
9:49 of 3rd period - Snap shot by Jordan Staal.
9:49 of 3rd period - Stopped by Jonathan Bernier with a rebound.
9:51 of 3rd period - Snap shot by Patrick Kane.
9:51 of 3rd period - Shot Blocked by Marco Scandella.
10:26 of 3rd period - Backhand shot by Nino Niederreiter.
10:26 of 3rd period - Shot Blocked by Beau Bennett.
10:40 of 3rd period - Braydon Coburn is hit by Sam Gagner and loses puck.
11:49 of 3rd period - Wrist shot by Brenden Morrow.
11:49 of 3rd period - Shot Misses the Net.
11:51 of 3rd period - Wrist shot by Sam Gagner.
11:51 of 3rd period - Stopped by Tyler Weiman with a rebound.
11:53 of 3rd period - Snap shot by Sam Gagner.
11:53 of 3rd period - Shot Misses the Net.
12:11 of 3rd period - Oscar Klefbom is hit by Marc-Édouard Vlasic and loses puck.
12:28 of 3rd period - Snap shot by Taylor Hall.
12:28 of 3rd period - Shot Misses the Net.
12:30 of 3rd period - Snap shot by Taylor Hall.
12:30 of 3rd period - Shot Misses the Net.
12:50 of 3rd period - Slapshot by Oscar Klefbom.
12:50 of 3rd period - Stopped by Tyler Weiman without a rebound.
12:51 of 3rd period - Ryan Johansen wins face-off versus Mika Zibanejad in Maple Leafs zone.
13:42 of 3rd period - Snap shot by Ryan Johansen.
13:42 of 3rd period - Shot Misses the Net.
13:44 of 3rd period - Wrist shot by Nino Niederreiter.
13:44 of 3rd period - Goal by Nino Niederreiter - Maple Leafs : 1 - Jets : 6.
13:45 of 3rd period - Derek Stepan wins face-off versus Jordan Staal in neutral zone.
13:56 of 3rd period - Snap shot by Taylor Hall.
13:56 of 3rd period - Stopped by Jonathan Bernier without a rebound.
13:57 of 3rd period - Jordan Staal wins face-off versus Derek Stepan in Jets zone.
14:10 of 3rd period - Snap shot by Patrick Kane.
14:10 of 3rd period - Goal by Patrick Kane - Maple Leafs : 2 - Jets : 6.
14:11 of 3rd period - Derek Stepan wins face-off versus Jordan Staal in neutral zone.
14:48 of 3rd period - Slapshot by Nino Niederreiter.
14:48 of 3rd period - Stopped by Tyler Weiman with a rebound.
15:16 of 3rd period - Iiro Pakarinen is hit by Eric Gelinas and loses puck.
15:27 of 3rd period - Wrist shot by Jordan Staal.
15:27 of 3rd period - Shot Misses the Net.
15:29 of 3rd period - Slapshot by Braydon Coburn.
15:29 of 3rd period - Deflect By Jordan Staal.
15:29 of 3rd period - Stopped by Jonathan Bernier without a rebound.
15:30 of 3rd period - Jordan Staal wins face-off versus Derek Roy in Jets zone.
15:55 of 3rd period - Jacob Trouba is hit by Taylor Hall and loses puck.
16:33 of 3rd period - Minor Penalty to Calvin de Haan for Holding.
16:34 of 3rd period - Derek Stepan wins face-off versus Brayden Schenn in Maple Leafs zone.
16:34 of 3rd period - Snap shot by Nino Niederreiter.
16:34 of 3rd period - Deflect By Braydon Coburn.
16:34 of 3rd period - Stopped by Tyler Weiman without a rebound.
16:35 of 3rd period - Derek Stepan wins face-off versus Brayden Schenn in Maple Leafs zone.
17:06 of 3rd period - Snap shot by Marcus Johansson.
17:06 of 3rd period - Stopped by Tyler Weiman without a rebound.
17:07 of 3rd period - Brayden Schenn wins face-off versus Ryan Johansen in Maple Leafs zone.
18:33 of 3rd period - Penalty to Calvin de Haan is over, Calvin de Haan is back on ice.
18:46 of 3rd period - Snap shot by Sam Gagner.
18:46 of 3rd period - Shot Blocked by Ben Smith.
18:48 of 3rd period - Slapshot by Jason Akeson.
18:48 of 3rd period - Shot Blocked by Ben Smith.
18:50 of 3rd period - Wrist shot by Eric Gelinas.
18:50 of 3rd period - Deflect By Brenden Morrow.
18:50 of 3rd period - Stopped by Tyler Weiman without a rebound.
18:51 of 3rd period - Jordan Staal wins face-off versus Derek Roy in Maple Leafs zone.
19:35 of 3rd period - Icing by Kevin Shattenkirk.
19:36 of 3rd period - Derek Stepan wins face-off versus Beau Bennett in Maple Leafs zone.
19:51 of 3rd period - Snap shot by Beau Bennett.
19:51 of 3rd period - Stopped by Jonathan Bernier with a rebound.
19:53 of 3rd period - Slapshot by Beau Bennett.
19:53 of 3rd period - Deflect By Alex Killorn.
19:53 of 3rd period - Shot Misses the Net.
19:53 of 3rd period - Puck is out of play.
19:54 of 3rd period - Nino Niederreiter wins face-off versus Jordan Staal in Jets zone.
Goals for this period are 1 for Maple Leafs vs 4 for Jets.
Shots for this period are 8 for Maple Leafs vs 12 for Jets.
Back to the Top